 Dungeon Crawl Stone Soup version 0.30-a0-728-gc68057be0a (webtiles) character file.

Game seed: 13916123684983789314

263 mandoloar the Chopper (level 5, -1/45 HPs)
             Began as a Minotaur Fighter on Jan 31, 2023.
             Slain by a hornet (3 damage)
             ... on level 4 of the Dungeon.
             The game lasted 00:07:57 (2906 turns).

mandoloar the Chopper (Minotaur Fighter)            Turns: 2906, Time: 00:07:58

Health: -1/45      AC: 11    Str: 29    XL:     5   Next: 98%
Magic:  4/4        EV:  8    Int:  5    God:
Gold:   230        SH: 12    Dex:  9    Spells: 4/4 levels left

rFire   . . .      SeeInvis .    a - +0 war axe
rCold   + . .      Faith    .    o - +4 kite shield "Qiheamercha" {rC+ rN+ Stlth-}
rNeg    + . .      Spirit   .    b - +0 scale mail
rPois   .          Reflect  .    (helmet restricted)
rElec   .          Harm     .    (no cloak)
rCorr   .          Rampage  .    d - +2 pair of gloves
Will    .....                    r - +0 pair of boots Stlth
                                 (no amulet)
HPRegen 0.27/turn                q - +6 ring of strength
MPRegen 0.09/turn                (no ring)

@: lethally poisoned (-1 -> -21), slowed, very slow
A: horns 2, retaliatory headbutt
a: no special abilities


You were on level 4 of the Dungeon.
You visited 1 branch of the dungeon, and saw 4 of its levels.

You collected 230 gold pieces.

Inventory:

Hand Weapons
 a - a +0 war axe (weapon)
Missiles
 j - 28 stones (quivered)
Armour
 b - a +0 scale mail (worn)
 d - a +2 pair of gloves (worn)
 o - the +4 kite shield "Qiheamercha" (worn) {rC+ rN+ Stlth-}
   (You found it on level 2 of the Dungeon)

   rC:        It protects you from cold.
   rN:        It protects you from negative energy.
   Stlth:     It makes you less stealthy.
 r - a +0 pair of boots (worn)
Jewellery
 q - a +6 ring of strength (left hand)
Wands
 c - a wand of iceblast (10)
 u - a wand of flame (8)
Scrolls
 i - a scroll of immolation {unknown}
 k - 4 scrolls of identify {unknown}
 m - a scroll of fog {unknown}
 n - 2 scrolls of enchant weapon {unknown}
 p - a scroll of magic mapping {unknown}
 s - a scroll of vulnerability {unknown}
 t - a scroll of torment {unknown}
 v - a scroll of amnesia {unknown}
Potions
 f - a potion of lignification {unknown}
 h - a potion of haste {unknown}
 l - a potion of curing {unknown}


   Skills:
 - Level 3.6 Fighting
 + Level 7.6 Axes
 - Level 3.6 Armour
 - Level 3.6 Shields


You had 4 spell levels left.
You didn't know any spells.
Your spell library contained the following spells:

 Spells                   Type           Power      Damage    Failure   Level
 Dazzling Flash           Conj/Hex       0%         N/A       100%        3
 Iskenderun's Mystic Bla  Conj/Tloc      0%         2d3       100%        4
 Starburst                Conj/Fire      0%         6d3       100%        6


Dungeon Overview and Level Annotations

Branches:
Dungeon (4/15)
 Temple: D:4-7

Altars:
Wu Jian

Shops:
D:1 :   D:3 =

Annotations:
D:3 3 runed translucent doors, timneilson's ghost, amateur GrFi


Innate Abilities, Weirdness & Mutations

You have a pair of horns on your head.
You reflexively headbutt those who attack you in melee.


Message History

There is a stone staircase leading down here.
You climb downwards.
The hornet buzzes angrily.
You hear a shout!
There is a stone staircase leading up here.
A hornet is nearby!
You climb upwards.
Level annotation: 3 runed translucent doors, timneilson's ghost, amateur GrFi
There is a stone staircase leading down here.
(D) Dungeon
Where to? (Enter - D:4, ? - help)
Okay, then.
You climb downwards.
There is a stone staircase leading up here.
Found a scroll labelled QICZUKHLI BEFYSK and 11 gold pieces.
You block the hornet's attack. The hornet barely misses you.
You slash the hornet!
The hornet is moderately wounded.
The hornet stings you.
You are poisoned.
You feel yourself slow down.
The hornet stings you but does no damage.
You hit the hornet. You headbutt the hornet.
The hornet is heavily wounded.
You feel very sick. You block the hornet's attack. The hornet stings you!
You feel as though you will be slow longer.
The hornet stings you!
You are more poisoned.
You suddenly lose the ability to move!
You can move again.
You slash the hornet!
The hornet is almost dead.
You feel extremely sick. The hornet stings you!
* * * LOW HITPOINT WARNING * * *
You are more poisoned.
You feel as though you will be slow longer.
The hornet stings you but does no damage.
The hornet stings you.
You die...

....<# #..#.#
#..#... # ###.
##.####...
##/... ##.##
#..### ...$..
#...# ....#
#.#..# #.#.###
#..##....#
#.#...#
#..<..#.##..
..###..#
#>..#.@......#
### ##w# #..#
##y#..$..#
.##.. #.#
....# ... ?.#
...# .## #.#
..# w# #.. .#
.. ..# # ..
..# #..


You could see a hornet.

Vanquished Creatures
  A phantom (D:4)
  A scorpion (D:2)
  A hound (D:4)
  2 iguanas (D:4)
  2 adders
  2 worms (D:2)
  A dart slug (D:1)
  An orc (D:3)
  6 endoplasms
  A giant cockroach (D:2)
  A goblin (D:1)
  6 hobgoblins
  A ball python (D:1)
  A frilled lizard (D:2)
  A kobold (D:4)
  3 rats
31 creatures vanquished.

Notes
Turn   | Place    | Note
-------+----------+-------------------------------------------
     0 | D:1      | mandoloar the Minotaur Fighter began the quest for the Orb.
     0 | D:1      | Reached XP level 1. HP: 19/19 MP: 0/0
    45 | D:1      | Reached skill level 3 in Axes
    57 | D:1      | Found Yrichoel's Book Shop.
   152 | D:1      | Reached XP level 2. HP: 21/26 MP: 1/1
   519 | D:3      | Noticed a scorpion
   535 | D:2      | Killed a scorpion
   536 | D:2      | Reached skill level 5 in Axes
   536 | D:2      | Reached XP level 3. HP: 4/31 MP: 2/2
   536 | D:2      | Reached XP level 4. HP: 5/39 MP: 3/3
  1243 | D:2      | Identified the +4 kite shield "Qiheamercha" {rC+ rN+
                  | Stlth-}
  1693 | D:3      | Found a runed translucent gate.
  1693 | D:3      | Found a runed translucent gate.
  1695 | D:3      | Found a runed translucent gate.
  1722 | D:4      | Noticed a hornet
  1723 | D:4      | Noticed a phantom
  1736 | D:3      | Found a faded altar of an unknown god.
  2169 | D:3      | Found an ornate altar of the Wu Jian Council.
  2201 | D:3      | Found Yrchuch's Jewellery Shop.
  2503 | D:3      | Noticed timneilson's ghost (amateur GrFi)
  2665 | D:4      | Reached skill level 6 in Axes
  2720 | D:4      | Reached XP level 5. HP: 29/45 MP: 4/4
  2745 | D:4      | Killed a phantom
  2746 | D:4      | Reached skill level 7 in Axes
  2905 | D:4      | Paralysed by a hornet for 2 turns
  2906 | D:4      | HP: 2/45 [hornet (13)]
  2906 | D:4      | Slain by a hornet

Illustrated notes

Levels and vault maps discovered:
D:1:      mrwooster_arrival_statue, layout_rooms, serial_shops,
          nicolae_shop_statue_plus, minmay_misc_feat_encased
D:2:      layout_loops_ring, hangedman_decor_slide_cut
D:3:      layout_basic, nzn_wu_jian_contemplation, ebering_ghost_rock_garden,
          hellmonk_ecumenical_altar_leap_of_faith, serial_shops, shop
D:4:      minmay_chambers_of_threes, layout_rooms,
          chequers_serial_rivers_large_a, amethyst_killhole

Skill      XL: |  1  2  3  4  5 |
---------------+----------------+-----
Axes           | 3 5 6 7 |  7.6
Fighting       | |  3.6
Armour         | |  3.6
Shields        | |  3.6

Action                     |  1- 3 |  4- 6 || total
---------------------------+-------+-------++-------
  Melee: War axe           |    30 |    55 ||    85
         Headbutt          |     5 |    11 ||    16
    Use: Potion            |     1 |       ||     1
         Scroll            |       |     2 ||     2
 Armour: Scale mail        |    12 |    13 ||    25
  Dodge: Dodged            |    18 |    16 ||    34
  Block: Buckler           |     6 |     2 ||     8
         Kite shield       |       |    29 ||    29

Table legend: (Time is in decaauts)
 A = Elapsed time spent in this place.
 B = Non-inter-level travel time spent in this place.
 C = Inter-level travel time spent in this place.
 D = Time resting spent in this place.
 E = Time spent auto-exploring this place.
 F = Levels seen in this place.
 G = Mean time per level.
                   A        B        C        D        E       F      G
               +--------+--------+--------+--------+--------+-----+--------+
         Total |   2947 |   2763 |    184 |    830 |   1460 |   4 |  736.8 |
       Dungeon |   2947 |   2763 |    184 |    830 |   1460 |   4 |  736.8 |
               +--------+--------+--------+--------+--------+-----+--------+

Top non-repeatable levels by time:
     D:2: 1251 daAuts
     D:3: 1070 daAuts
     D:1: 378 daAuts
     D:4: 247 daAuts
